AoeStats
← ChubbyBunny

MegaRandom

510475064Analyzed
4v4 RM · 1d ago on Oct 1, 2026· 28m 18s· 8 players
Game mode
Random Map
Map size
Large (8 player)
Population
200
Speed
Normal
Resources
Standard
Victory
Conquest
Starting age
Dark Age
Ending age
Imperial Age
RankedLock teamsTeams togetherTeam positionsShared explorationLock speedFull tech treeHidden civsTurbo modeCheats
Victory
Defeat
🇯🇵 Maya · Japan
784
+9
🇨🇳 Franks · China
728
+11
🇺🇸 Spanish · United States
712
+11
🇺🇸 Cumans · United States
611
+18
🇵🇱 Danes · Poland
670
-14
🇷🇴 Bohemians · Romania
609
-12
🇮🇳 Franks · India
586
-11
🇮🇳 Khmer · India
552
-9
ShrouD
15:49 Feudal Age
17:09 Wheelbarrow
16:33 Gold Mining
16:34 Stone Mining
16:33 Double-Bit Axe
20:06 Castle Age
21:04 Hand Cart
splashii
ChubbyBunny
1:06 Loom
14:09 Feudal Age
14:52 Double-Bit Axe
15:20 Horse Collar
21:01 Man-at-Arms
24:04 Castle Age
23:54 Forging
24:07 Scale Mail Armor
25:29 Fletching
25:39 Padded Archer Armor
Asmo
10:13 Loom
12:03 Feudal Age
17:25 Castle Age
20:55 Stone Mining
20:59 Gold Mining
RuinMireia
0:33 Loom
0:50 Loom
10:46 Feudal Age
14:34 Castle Age
20:21 Scale Mail Armor
26:39 Double-Bit Axe
26:47 Horse Collar
27:49 Chain Mail Armor
27:46 Forging
28:31 Arson
28:46 Gold Mining
715113342
0:49 Loom
11:46 Feudal Age
20:45 Castle Age
26:08 Stone Mining
26:09 Gold Mining
26:07 Double-Bit Axe
28:08 Gold Shaft Mining
27:46 Bow Saw
nickvictory98
13:42 Feudal Age
19:43 Castle Age
18:49 Scale Barding Armor
21:12 Double-Bit Axe
hotellingdavid73
10:39 Feudal Age
13:06 Double-Bit Axe
14:36 Horse Collar
16:04 Wheelbarrow
21:55 Gold Mining
26:59 Castle Age
26:35 Bloodlines
27:59 Pikeman
Connection lost

Rejoining the realm…

Still unreachable

The connection could not be restored.

Session expired

The server has moved on; the page needs a fresh start.